 Dungeon Crawl Stone Soup version 0.29.1-13-g9f3cf754e1 (webtiles) character file.

Game seed: 1503120233508273030

10 Thatpatchoflichen the Magician (level 2, -2/20 HPs)
             Began as a Demonspawn Hedge Wizard on Jan 21, 2023.
             Slain by a kobold
             ... wielding a +0 dagger
              (3 damage)
             ... on level 1 of the Dungeon.
             The game lasted 00:01:09 (645 turns).

Thatpatchoflichen the Magician (DsHW)                Turns: 645, Time: 00:01:09

Health: -2/20      AC:  2    Str: 10    XL:     2   Next: 10%
Magic:  6/6        EV: 12    Int: 15    God:
Gold:   13         SH:  0    Dex: 12    Spells: 6/7 levels left

rFire   . . .      SeeInvis .   a - +0 dagger
rCold   . . .      Faith    .   (no shield)
rNeg    . . .      Spirit   .   b - +0 robe
rPois   .          Reflect  .   c - +0 hat
rElec   .          Harm     .   (no cloak)
rCorr   .          Rampage  .   (no gloves)
Will    .....                   (no boots)
Stlth   ++........              (no amulet)
HPRegen 0.06/turn               (no ring)
MPRegen 0.10/turn               (no ring)

@: no status effects
A: claws 1
a: no special abilities


You were on level 1 of the Dungeon.
You visited 1 branch of the dungeon, and saw 1 of its levels.

You collected 13 gold pieces.

Inventory:

Hand Weapons
 a - a +0 dagger (weapon)
Armour
 b - a +0 robe (worn)
 c - a +0 hat (worn)
Potions
 d - a potion of magic


   Skills:
 * Level 0.7 Fighting
 + Level 1.8 Dodging
 + Level 1.8 Stealth
 + Level 3.3 Spellcasting
 - Level 1.0 Conjurations
 + Level 1.0 Summonings
 + Level 0.8 Translocations


You had 6 spell levels left.
You knew the following spells:

 Your Spells              Type           Power      Damage    Failure   Level
a - Magic Dart            Conj           20%        1d4       13%         1

Your spell library contained the following spells:

 Spells                   Type           Power      Damage    Failure   Level
 Call Imp                 Summ           5%         N/A       19%         2
 Slow                     Hex            8%         N/A       21%         1
 Blink                    Tloc           10%        N/A       21%         2
 Conjure Flame            Conj/Fire      3%         6-21      43%         3
 Mephitic Cloud           Conj/Pois/Air  3%         N/A       45%         3


Dungeon Overview and Level Annotations

Branches:
Dungeon (1/15)

Altars:


Innate Abilities, Weirdness & Mutations

You have sharp fingernails.


Message History

Found an escape hatch in the floor.
A goblin comes into view. It is wielding a +0 club.
The goblin shouts!
You hear a shout!
A goblin comes into view. It is wielding a +0 dagger.
You see here a scroll labelled QEHOLIOHUV.
A kobold comes into view. It is wielding a +0 dagger.
The kobold throws a stone.
The stone hits you.
The kobold throws a stone.
The stone closely misses you. The goblin hits you with a +0 dagger.
The goblin attacks as you move away! The goblin barely misses you.
The goblin hits you but does no damage. The goblin closely misses you.
The goblin attacks as you move away! The goblin hits you with a +0 dagger.
* * * LOW HITPOINT WARNING * * *
You hit the goblin.
The goblin is heavily wounded.
The goblin closely misses you.
You closely miss the goblin.
The goblin is heavily wounded.
The kobold throws a stone.
The stone barely misses you.
You hit the goblin.
The goblin is moderately wounded.
The goblin closely misses you. The goblin hits you with a +0 dagger.
* * * LOW HITPOINT WARNING * * *
You hit the goblin.
You kill the goblin!
The kobold throws a stone.
The stone barely misses you. The goblin misses you.
You have reached level 2!
You feel monstrous as your demonic heritage exerts itself.
Your demonic ancestry asserts itself...
Your fingernails lengthen.
You hit the goblin.
You kill the goblin!
You see here a +0 club.
The kobold closely misses you.
You see here a +0 club.
The kobold hits you with a +0 dagger.
* * * LOW HITPOINT WARNING * * *
You closely miss the kobold. The kobold hits you with a +0 dagger.
You die...

..#............#
...............#
.#....#†.......#
#####.#........#
......$.#...##.#
.....#..#...##.#
.....+.......# # ....
#...###K# ..
#.#.#.)@# .# .
#...#...# .# ###
##......# .# ...
######..#.# #.##.###.
#..^....#.# .........
.........#.###....#..
.....................
.......#...)).....#.
#########...#.....#
.#


You could see a kobold.

Vanquished Creatures
  An endoplasm (D:1)
  2 goblins (D:1)
  A hobgoblin (D:1)
  3 kobolds (D:1)
  A frilled lizard (D:1)
  A rat (D:1)
9 creatures vanquished.

Notes
Turn   | Place    | Note
-------+----------+-------------------------------------------
     0 | D:1      | Thatpatchoflichen the Demonspawn Hedge Wizard began the
                  | quest for the Orb.
     0 | D:1      | Reached XP level 1. HP: 13/13 MP: 4/4
   640 | D:1      | Discovered your monstrous ancestry.
   640 | D:1      | Gained mutation: You have sharp fingernails. [demonic
                  | ancestry]
   640 | D:1      | Reached XP level 2. HP: 2/20 MP: 6/6
   644 | D:1      | HP: 1/20 [kobold/+0 dagger (1)]
   645 | D:1      | Slain by a kobold

Illustrated notes

Levels and vault maps discovered:
D:1:      minmay_arrival_arboretum_small, layout_basic,
          dreamdust_ecumenical_altar_sealed_demon, glass_columns_a

Action                   || total
-------------------------++-------
Melee: Dagger            ||    41
Armor: Robe              ||     5
Dodge: Dodged            ||    28
